[Event "Drogheda Congress (Thomson Masters) 2026"]
[Site "Drogheda IRL"]
[Date "2026.05.30"]
[Round "2.6"]
[White "Daly, Colm"]
[Black "Liu, Jason"]
[Result "1/2-1/2"]
[WhiteTitle "FM"]
[BlackTitle "FM"]
[WhiteElo "2191"]
[BlackElo "2252"]
[WhiteICU "2192"]
[BlackICU "2220"]
[WhiteClub "U.C.D."]
[BlackClub "Gonzaga"]
[WhiteNationality "IRL"]
[BlackNationality "IRL"]
[WhiteFideId "2500434"]
[BlackFideId "2514656"]
[PlyCount "91"]
[ECO "A04"]
[Opening "Reti opening"]
[FIDETournamentId "480233"]
[ChessResultsKey "1423859"]
[EventSection "1/4"]
[Venue "St Mary's Parish Primary School, Bryanstown, Drogheda A92 XD80"]
[EventDate "2026.05.30"]
[TimeControl "5400+30"]

{ Event information: <a
href="https://www.irlchess.com/drogheda2026_allfiles/pairings_drogheda2026.html">Tournament
report</a>. }

1. Nf3 e6 2. g3 Nf6 3. Bg2 Be7 4. O-O d5 5. b3 O-O 6. Bb2 c5 7. e3 b6 8. c4
Bb7 9. Nc3 Nbd7 10. cxd5 Nxd5 11. Nxd5 Bxd5 12. Qe2 Bf6 13. d4 cxd4 14.
Nxd4 Bxg2 15. Kxg2 Nc5 16. Rfd1 Qd5+ 17. Nf3 Qf5 18. Bxf6 Qxf6 19. Rac1
Rfd8 20. Qc4 Rxd1 21. Rxd1 Rd8 22. Rd4 Qe7 23. b4 Nb7 24. Qc6 Rxd4 25. Nxd4
Nd8 26. Qc8 Qb7+ 27. Qxb7 Nxb7 28. Nc6 a5 29. bxa5 bxa5 30. Kf3 Kf8 31. Ke4
f6 32. Kd4 Ke8 33. Kc4 Kd7 34. Nd4 Nd6+ 35. Kc5 Ne4+ 36. Kb5 Nc3+ 37. Kxa5
e5 38. Nc2 Nxa2 39. Kb5 Nc3+ 40. Kc4 Ne4 41. f4 Ke6 42. Kd3 Nf2+ 43. Ke2
Ne4 44. Kd3 Nf2+ 45. Ke2 Ne4 46. Kd3 1/2-1/2

[Event "Drogheda Congress (Thomson Masters) 2026"]
[Site "Drogheda IRL"]
[Date "2026.05.30"]
[Round "2.7"]
[White "Cole, Ethan"]
[Black "Andhurthi, Sreeyan"]
[Result "1-0"]
[WhiteElo "2006"]
[BlackElo "1933"]
[WhiteICU "2032"]
[BlackICU "1943"]
[WhiteClub "Bangor"]
[BlackClub "Blanchardstown"]
[WhiteNationality "IRL"]
[BlackNationality "IRL"]
[WhiteFideId "2514818"]
[BlackFideId "2523531"]
[PlyCount "74"]
[ECO "A04"]
[Opening "Reti opening"]
[FIDETournamentId "480233"]
[ChessResultsKey "1423859"]
[EventSection "1/4"]
[Venue "St Mary's Parish Primary School, Bryanstown, Drogheda A92 XD80"]
[EventDate "2026.05.30"]
[TimeControl "5400+30"]

{ Event information: <a
href="https://www.irlchess.com/drogheda2026_allfiles/pairings_drogheda2026.html">Tournament
report</a>. }

1. Nf3 c5 2. g3 Nc6 3. Bg2 g6 4. O-O Bg7 5. d3 Nf6 6. e4 O-O 7. Nc3 d5 8.
Nd2 d4 9. Ne2 e5 10. h3 Ne8 11. f4 f5 12. fxe5 Bxe5 13. Nc4 Bg7 14. exf5
Rxf5 15. Rxf5 Bxf5 16. g4 Be6 17. Nf4 Bf7 18. b3 Nd6 19. Ba3 Nxc4 20. bxc4
Qd6 21. Nd5 Re8 22. Qf3 Rf8 23. Rb1 Be6 24. Qe4 Bc8 25. Rf1 Rxf1+ 26. Kxf1
Bd7 27. Nf4 b6 28. Bc1 Qe5 29. Qf3 Nb4 30. Qa8+ Qe8 31. Qxa7 Nxc2 32. Bd5+
Kh8 33. Qxb6 g5 34. Ng2 Qf8+ 35. Kg1 Be5 36. Bxg5 Ne3 37. Nxe3 dxe3 1-0

[Event "Drogheda Congress (Thomson Masters) 2026"]
[Site "Drogheda IRL"]
[Date "2026.05.30"]
[Round "2.8"]
[White "Melaugh, Shane"]
[Black "Ivanov, Andrey"]
[Result "0-1"]
[WhiteTitle "FM"]
[BlackTitle "CM"]
[WhiteElo "2254"]
[BlackElo "2086"]
[WhiteICU "2265"]
[BlackICU "2102"]
[WhiteClub "Elm Mount"]
[BlackClub "Malahide"]
[WhiteNationality "IRL"]
[BlackNationality "IRL"]
[WhiteFideId "2509580"]
[BlackFideId "2514311"]
[PlyCount "86"]
[ECO "A27"]
[Opening "English"]
[Variation "three knights system"]
[FIDETournamentId "480233"]
[ChessResultsKey "1423859"]
[EventSection "1/4"]
[Venue "St Mary's Parish Primary School, Bryanstown, Drogheda A92 XD80"]
[EventDate "2026.05.30"]
[TimeControl "5400+30"]

{ Event information: <a
href="https://www.irlchess.com/drogheda2026_allfiles/pairings_drogheda2026.html">Tournament
report</a>. }

1. c4 e5 2. Nc3 Nc6 3. Nf3 f5 4. g3 Nf6 5. d4 e4 6. Nh4 d5 7. Bg5 Bb4 8. e3
O-O 9. Ng2 Bxc3+ 10. bxc3 Na5 11. cxd5 Qxd5 12. Be2 Qc6 13. O-O Nd5 14. Rc1
b5 15. Qc2 Nc4 16. f3 Re8 17. fxe4 fxe4 18. Bxc4 Qxc4 19. Qb3 Bh3 20. Nf4
Nxf4 21. Rxf4 h6 22. Rh4 Be6 23. Bf4 Qxb3 24. axb3 g5 25. Rxh6 gxf4 26.
gxf4 Bxb3 27. Kf2 Re7 28. Rg1+ Rg7 29. Rxg7+ Kxg7 30. Rc6 a5 31. Rxc7+ Kf8
32. Rc5 Bc4 33. Rf5+ Ke7 34. Rg5 a4 35. Rg1 a3 36. Ra1 a2 37. h4 Ra3 38. h5
Kf7 39. f5 Kf6 40. h6 Ra7 41. Kg3 Kxf5 42. d5 Bxd5 43. Kh4 Kg6 0-1

[Event "Drogheda Congress (Thomson Masters) 2026"]
[Site "Drogheda IRL"]
[Date "2026.05.30"]
[Round "2.9"]
[White "O'Cuilleanain, Oisin"]
[Black "Barnes, Oliver"]
[Result "0-1"]
[WhiteElo "2197"]
[BlackElo "1966"]
[WhiteICU "2227"]
[BlackICU "2022"]
[WhiteClub "Knights of Eanna"]
[WhiteNationality "IRL"]
[BlackNationality "IRL"]
[WhiteFideId "2514249"]
[BlackFideId "2517604"]
[PlyCount "100"]
[ECO "A14"]
[Opening "English"]
[Variation "Neo-Catalan declined"]
[FIDETournamentId "480233"]
[ChessResultsKey "1423859"]
[EventSection "1/4"]
[Venue "St Mary's Parish Primary School, Bryanstown, Drogheda A92 XD80"]
[EventDate "2026.05.30"]
[TimeControl "5400+30"]
[WhiteFullName "O'Cuillean&aacute;in, Ois&iacute;n"]

{ Event information: <a
href="https://www.irlchess.com/drogheda2026_allfiles/pairings_drogheda2026.html">Tournament
report</a>. }

1. c4 Nf6 2. g3 e6 3. Bg2 d5 4. Nf3 Be7 5. O-O O-O 6. b3 d4 7. Bb2 Nc6 8.
e3 e5 9. exd4 exd4 10. d3 h6 11. Na3 a5 12. Nb5 Bc5 13. Re1 Bg4 14. h3 Bh5
15. g4 Bg6 16. Ne5 Nxe5 17. Rxe5 Nd7 18. Re2 c6 19. Nxd4 Ne5 20. Rxe5 Bxd4
21. Re2 Bxd3 22. Rd2 Bxb2 23. Rxb2 Qf6 24. Rd2 Rfd8 25. Rc1 Bg6 26. c5 h5
27. Rc4 Rxd2 28. Qxd2 Rd8 29. Qf4 Qa1+ 30. Kh2 hxg4 31. hxg4 Qxa2 32. Rc3
Qd2 33. Re3 f6 34. Qc7 Re8 35. Rxe8+ Bxe8 36. Qxb7 Qxf2 37. Qb8 Qh4+ 38.
Kg1 Qe1+ 39. Kh2 Qe5+ 40. Qxe5 fxe5 41. g5 Kf7 42. Be4 Ke7 43. Kg3 Bf7 44.
Bc2 Bh5 45. Bd3 Ke6 46. Bc4+ Kf5 47. Kf2 Kxg5 48. Be6 Kf4 49. Bd7 Bf3 50.
Ke1 g5 0-1

[Event "Drogheda Congress (Thomson Masters) 2026"]
[Site "Drogheda IRL"]
[Date "2026.05.30"]
[Round "2.10"]
[White "Cummins, Sean"]
[Black "Bartczak, Korneliusz"]
[Result "0-1"]
[WhiteElo "1910"]
[BlackElo "2130"]
[WhiteICU "2010"]
[BlackICU "2138"]
[WhiteClub "Drogheda"]
[BlackClub "Limerick"]
[WhiteNationality "IRL"]
[BlackNationality "IRL"]
[WhiteFideId "2512084"]
[BlackFideId "2523558"]
[PlyCount "70"]
[ECO "C90"]
[Opening "Ruy Lopez"]
[Variation "closed, Pilnik variation"]
[FIDETournamentId "480233"]
[ChessResultsKey "1423859"]
[EventSection "1/4"]
[Venue "St Mary's Parish Primary School, Bryanstown, Drogheda A92 XD80"]
[EventDate "2026.05.30"]
[TimeControl "5400+30"]
[WhiteFullName "Cummins, Se&aacute;n"]

{ Event information: <a
href="https://www.irlchess.com/drogheda2026_allfiles/pairings_drogheda2026.html">Tournament
report</a>. }

1. e4 e5 2. Nf3 Nc6 3. Bb5 a6 4. Ba4 Nf6 5. d3 b5 6. Bb3 Be7 7. O-O d6 8.
c3 O-O 9. Re1 Na5 10. Bc2 c5 11. h3 Re8 12. d4 cxd4 13. cxd4 exd4 14. Nxd4
Bf8 15. Nc3 g6 16. Bf4 Bg7 17. Qd3 Bb7 18. a3 Rc8 19. Rad1 Nc4 20. Bc1 Qb6
21. Bb3 Nd7 22. Bxc4 bxc4 23. Qd2 Nc5 24. Nf3 Nxe4 25. Nxe4 Bxe4 26. Ng5
Bd3 27. Qf4 Qc7 28. Ne4 Rxe4 29. Rxe4 Bxe4 30. Qxe4 Qc6 31. Qe7 Re8 32. Qa7
d5 33. Be3 Bxb2 34. Qc5 Qxc5 35. Bxc5 c3 0-1

[Event "Drogheda Congress (Thomson Masters) 2026"]
[Site "Drogheda IRL"]
[Date "2026.05.31"]
[Round "3.1"]
[White "Flynn, Jacob"]
[Black "Kanyamarala, Tarun"]
[Result "1/2-1/2"]
[WhiteTitle "CM"]
[BlackTitle "IM"]
[WhiteElo "2241"]
[BlackElo "2418"]
[WhiteICU "2303"]
[BlackICU "2441"]
[WhiteClub "Malahide"]
[BlackClub "Dublin"]
[WhiteNationality "IRL"]
[BlackNationality "IRL"]
[WhiteFideId "2509393"]
[BlackFideId "45004714"]
[PlyCount "50"]
[ECO "B30"]
[Opening "Sicilian"]
[Variation "Nimzovich-Rossolimo attack (without ...d6)"]
[FIDETournamentId "480233"]
[ChessResultsKey "1423859"]
[EventSection "1/4"]
[Venue "St Mary's Parish Primary School, Bryanstown, Drogheda A92 XD80"]
[EventDate "2026.05.30"]
[TimeControl "5400+30"]

{ Event information: <a
href="https://www.irlchess.com/drogheda2026_allfiles/pairings_drogheda2026.html">Tournament
report</a>. }

1. e4 c5 2. Nf3 Nc6 3. Bb5 Nd4 4. Nxd4 cxd4 5. c3 a6 6. Ba4 Nf6 7. e5 Nd5
8. O-O b5 9. Bb3 Bb7 10. Qf3 e6 11. cxd4 Qb6 12. Nc3 Qxd4 13. Nxd5 Bxd5 14.
Bxd5 Qxd5 15. Qxd5 exd5 16. d3 d6 17. Bf4 dxe5 18. Bxe5 f6 19. Bg3 Kd7 20.
Rac1 Bd6 21. f3 Rac8 22. Bxd6 Kxd6 23. Kf2 Rhe8 24. Rfd1 g5 25. d4 h6
1/2-1/2

[Event "Drogheda Congress (Thomson Masters) 2026"]
[Site "Drogheda IRL"]
[Date "2026.05.31"]
[Round "3.2"]
[White "Kanyamarala, Trisha"]
[Black "Balaji, Aaravamudhan"]
[Result "1/2-1/2"]
[WhiteTitle "WGM"]
[BlackTitle "IM"]
[WhiteElo "2193"]
[BlackElo "2304"]
[WhiteICU "2255"]
[WhiteClub "Dublin"]
[WhiteNationality "IRL"]
[BlackNationality "ENG"]
[WhiteFideId "45004722"]
[BlackFideId "436224"]
[PlyCount "102"]
[ECO "E71"]
[Opening "King's Indian"]
[Variation "Makagonov system (5.h3)"]
[FIDETournamentId "480233"]
[ChessResultsKey "1423859"]
[EventSection "1/4"]
[Venue "St Mary's Parish Primary School, Bryanstown, Drogheda A92 XD80"]
[EventDate "2026.05.30"]
[TimeControl "5400+30"]

{ Event information: <a
href="https://www.irlchess.com/drogheda2026_allfiles/pairings_drogheda2026.html">Tournament
report</a>. }

1. d4 Nf6 2. c4 g6 3. Nc3 Bg7 4. e4 d6 5. h3 O-O 6. Be3 e5 7. d5 Na6 8. g4
c6 9. f3 h5 10. Qd2 cxd5 11. cxd5 Nc5 12. Nge2 Bd7 13. Bg5 h4 14. b4 Na6
15. Rb1 Rc8 16. Bg2 Nc7 17. Qd3 Qe8 18. b5 Nh7 19. Bxh4 f5 20. O-O fxe4 21.
fxe4 Rxf1+ 22. Bxf1 Bf6 23. Bf2 Na8 24. a4 Qd8 25. Nd1 Bh4 26. Ng3 Ng5 27.
Nh1 Bxf2+ 28. Nhxf2 Qf6 29. Be2 Nb6 30. a5 Na4 31. Qe3 Nc5 32. h4 Nf7 33.
g5 Qf4 34. Qxf4 exf4 35. Nb2 Kg7 36. Nbd3 Rh8 37. Nxc5 dxc5 38. Nd3 b6 39.
axb6 axb6 40. Ra1 c4 41. Nxf4 Rxh4 42. Ne6+ Bxe6 43. dxe6 Rxe4 44. Bxc4
Nxg5 45. Ra7+ Kf6 46. Bd5 Re5 47. Bc6 Rxe6 48. Rb7 Ke5 49. Rxb6 Nf3+ 50.
Kf2 Nd4 51. Ra6 Nxc6 1/2-1/2

[Event "Drogheda Congress (Thomson Masters) 2026"]
[Site "Drogheda IRL"]
[Date "2026.05.31"]
[Round "3.4"]
[White "Bartczak, Korneliusz"]
[Black "Cole, Ethan"]
[Result "1/2-1/2"]
[WhiteElo "2130"]
[BlackElo "2006"]
[WhiteICU "2138"]
[BlackICU "2032"]
[WhiteClub "Limerick"]
[BlackClub "Bangor"]
[WhiteNationality "IRL"]
[BlackNationality "IRL"]
[WhiteFideId "2523558"]
[BlackFideId "2514818"]
[PlyCount "74"]
[ECO "B22"]
[Opening "Sicilian"]
[Variation "Alapin's variation (2.c3)"]
[FIDETournamentId "480233"]
[ChessResultsKey "1423859"]
[EventSection "1/4"]
[Venue "St Mary's Parish Primary School, Bryanstown, Drogheda A92 XD80"]
[EventDate "2026.05.30"]
[TimeControl "5400+30"]

{ Event information: <a
href="https://www.irlchess.com/drogheda2026_allfiles/pairings_drogheda2026.html">Tournament
report</a>. }

1. e4 c5 2. c3 Nf6 3. d3 g6 4. f4 d6 5. Nf3 Bg7 6. Be2 Nc6 7. O-O Qc7 8.
Be3 Ng4 9. Bc1 Nf6 10. h3 d5 11. e5 Nd7 12. Be3 f6 13. d4 c4 14. Nbd2 b5
15. Nh4 Bh6 16. exf6 exf6 17. Bg4 Nb6 18. Bxc8 Nxc8 19. Nf5 Bf8 20. Ng3 Bd6
21. Qf3 N8e7 22. Rfe1 O-O-O 23. Ndf1 h5 24. h4 Rdg8 25. Re2 Qd7 26. Rae1
Rf8 27. f5 g5 28. hxg5 fxg5 29. Bxg5 Nxf5 30. Nxf5 Rxf5 31. Qe3 Rg8 32. Bh4
Rf4 33. Qe6 Rfg4 34. Qxd7+ Kxd7 35. Bf6 Bf4 36. Nh2 Rg3 37. Rf1 Bd6 1/2-1/2

[Event "Drogheda Congress (Thomson Masters) 2026"]
[Site "Drogheda IRL"]
[Date "2026.05.31"]
[Round "3.5"]
[White "Ozarpaci, Mert Can"]
[Black "Ivanov, Andrey"]
[Result "1-0"]
[BlackTitle "CM"]
[WhiteElo "1863"]
[BlackElo "2086"]
[WhiteICU "1992"]
[BlackICU "2102"]
[WhiteClub "Raharney"]
[BlackClub "Malahide"]
[WhiteNationality "TUR"]
[BlackNationality "IRL"]
[WhiteFideId "34520651"]
[BlackFideId "2514311"]
[PlyCount "121"]
[ECO "B27"]
[Opening "Sicilian"]
[Variation "Hungarian variation"]
[FIDETournamentId "480233"]
[ChessResultsKey "1423859"]
[EventSection "1/4"]
[Venue "St Mary's Parish Primary School, Bryanstown, Drogheda A92 XD80"]
[EventDate "2026.05.30"]
[TimeControl "5400+30"]

{ Event information: <a
href="https://www.irlchess.com/drogheda2026_allfiles/pairings_drogheda2026.html">Tournament
report</a>. }

1. e4 c5 2. Nf3 g6 3. c3 Bg7 4. d4 cxd4 5. cxd4 d5 6. e5 a6 7. h3 Nc6 8.
Nc3 f6 9. Bf4 fxe5 10. dxe5 e6 11. Bd3 Nge7 12. O-O O-O 13. Qd2 Nf5 14.
Rfe1 b5 15. Rac1 Bb7 16. Bxf5 Rxf5 17. Ne2 Qd7 18. Ned4 Nxd4 19. Nxd4 Rff8
20. Bh6 Rac8 21. Bxg7 Kxg7 22. Qg5 Qf7 23. f3 Rc4 24. Rcd1 Bc8 25. b3 Rc5
26. Rc1 Qa7 27. Qd2 Bd7 28. Kh2 Rfc8 29. Rcd1 Qc7 30. Qg5 Qd8 31. Qg4 Qe7
32. h4 h5 33. Qg3 Rc3 34. Kh3 Kh7 35. Qf4 Kg7 36. Rg1 Rf8 37. Qd2 b4 38.
Ne2 Rc7 39. Rc1 Rfc8 40. Rxc7 Rxc7 41. g4 Qf8 42. Qe3 d4 43. Nxd4 Rc3 44.
Qe4 Kh8 45. gxh5 Bc6 46. Nxc6 Rxf3+ 47. Rg3 Rxg3+ 48. Kxg3 Qf1 49. hxg6 a5
50. g7+ Kxg7 51. Qg4+ Kh8 52. Qh5+ Kg7 53. Qg5+ Kh7 54. Qe7+ Kg8 55. Qxe6+
Kh7 56. Qe7+ Kg8 57. Qf6 Qg1+ 58. Kf4 Qf2+ 59. Kg5 Qg3+ 60. Kh6 Qe3+ 61.
Qg5+ 1-0

[Event "Drogheda Congress (Thomson Masters) 2026"]
[Site "Drogheda IRL"]
[Date "2026.05.31"]
[Round "3.6"]
[White "Barnes, Oliver"]
[Black "Liu, Murray"]
[Result "1-0"]
[WhiteElo "1966"]
[BlackElo "1839"]
[WhiteICU "2022"]
[BlackICU "1933"]
[BlackClub "Blanchardstown"]
[WhiteNationality "IRL"]
[BlackNationality "IRL"]
[WhiteFideId "2517604"]
[BlackFideId "2517191"]
[PlyCount "49"]
[ECO "B76"]
[Opening "Sicilian"]
[Variation "dragon, Yugoslav attack, Rauser variation"]
[FIDETournamentId "480233"]
[ChessResultsKey "1423859"]
[EventSection "1/4"]
[Venue "St Mary's Parish Primary School, Bryanstown, Drogheda A92 XD80"]
[EventDate "2026.05.30"]
[TimeControl "5400+30"]

{ Event information: <a
href="https://www.irlchess.com/drogheda2026_allfiles/pairings_drogheda2026.html">Tournament
report</a>. }

1. e4 c5 2. Nf3 d6 3. d4 cxd4 4. Nxd4 Nf6 5. Nc3 g6 6. Be3 Bg7 7. f3 O-O 8.
Qd2 Nc6 9. O-O-O d5 10. Nxc6 bxc6 11. Bc4 e6 12. Bb3 Qc7 13. h4 h5 14. g4
a5 15. Bh6 d4 16. Bxg7 Kxg7 17. g5 Nd7 18. Qxd4+ Kg8 19. Qd6 Qb6 20. f4 Nc5
21. f5 Nxb3+ 22. axb3 exf5 23. Nd5 Qa7 24. Nf6+ Kg7 25. Qe5 1-0

[Event "Drogheda Congress (Thomson Masters) 2026"]
[Site "Drogheda IRL"]
[Date "2026.05.31"]
[Round "3.7"]
[White "Fil, Alkim Alper"]
[Black "Ryan, Joshua"]
[Result "0-1"]
[WhiteElo "1930"]
[BlackElo "1874"]
[WhiteICU "2003"]
[BlackICU "1925"]
[WhiteClub "C.C.Y.M.S."]
[BlackClub "Knights of Eanna"]
[WhiteNationality "TUR"]
[BlackNationality "IRL"]
[WhiteFideId "6309747"]
[BlackFideId "2516705"]
[PlyCount "52"]
[ECO "E06"]
[Opening "Catalan"]
[Variation "closed, 5.Nf3"]
[FIDETournamentId "480233"]
[ChessResultsKey "1423859"]
[EventSection "1/4"]
[Venue "St Mary's Parish Primary School, Bryanstown, Drogheda A92 XD80"]
[EventDate "2026.05.30"]
[TimeControl "5400+30"]
[WhiteFullName "F&#305;l, Alkim Alper"]

{ Event information: <a
href="https://www.irlchess.com/drogheda2026_allfiles/pairings_drogheda2026.html">Tournament
report</a>. }

1. Nf3 d5 2. d4 Nf6 3. c4 e6 4. g3 Be7 5. Bg2 O-O 6. O-O dxc4 7. Qc2 b5 8.
Ne5 Nd5 9. a4 c6 10. Rd1 Bb7 11. b3 cxb3 12. Qxb3 b4 13. e4 Nf6 14. a5 c5
15. dxc5 Qc7 16. Bf4 g5 17. c6 Ba6 18. Nxf7 gxf4 19. Ng5 Qxc6 20. e5 Nd5
21. Nxe6 Bc4 22. Bxd5 Qxd5 23. Rxd5 Bxb3 24. Nxf4 Rxf4 25. Rb5 Rd4 26. Rb7
Rd1+ 0-1

[Event "Drogheda Congress (Thomson Masters) 2026"]
[Site "Drogheda IRL"]
[Date "2026.05.31"]
[Round "3.8"]
[White "Hughes, Padraig"]
[Black "Nichenametla V, Advaith"]
[Result "1-0"]
[WhiteElo "1917"]
[BlackElo "1915"]
[WhiteICU "1984"]
[BlackICU "1969"]
[WhiteClub "Curragh"]
[BlackClub "Master C.C."]
[WhiteNationality "IRL"]
[BlackNationality "IRL"]
[WhiteFideId "2505690"]
[BlackFideId "2516896"]
[PlyCount "59"]
[ECO "C07"]
[Opening "French"]
[Variation "Tarrasch, open variation"]
[FIDETournamentId "480233"]
[ChessResultsKey "1423859"]
[EventSection "1/4"]
[Venue "St Mary's Parish Primary School, Bryanstown, Drogheda A92 XD80"]
[EventDate "2026.05.30"]
[TimeControl "5400+30"]
[WhiteFullName "Hughes, P&aacute;draig"]

{ Event information: <a
href="https://www.irlchess.com/drogheda2026_allfiles/pairings_drogheda2026.html">Tournament
report</a>. }

1. e4 e6 2. d4 d5 3. Nd2 c5 4. exd5 Qxd5 5. Ngf3 Nf6 6. Bc4 Qd8 7. O-O Be7
8. Nb3 cxd4 9. Nbxd4 O-O 10. Bf4 a6 11. a4 Nbd7 12. a5 Re8 13. Bxe6 Bb4 14.
Bc4 Re4 15. Bxf7+ Kxf7 16. Ng5+ Kg8 17. Nxe4 Nxe4 18. Ne6 Qe7 19. Nc7 Ra7
20. Nd5 Qf8 21. Qd4 Ndc5 22. Qxb4 Be6 23. Qb6 Bxd5 24. Qxa7 Qxf4 25. b4 Ng5
26. Ra3 Qxb4 27. Qb8+ Kf7 28. Qc7+ Kf6 29. Qd8+ Kg6 30. Rg3 1-0

[Event "Drogheda Congress (Thomson Masters) 2026"]
[Site "Drogheda IRL"]
[Date "2026.05.31"]
[Round "3.9"]
[White "Andhurthi, Sreeyan"]
[Black "O'Cuilleanain, Oisin"]
[Result "0-1"]
[WhiteElo "1933"]
[BlackElo "2197"]
[WhiteICU "1943"]
[BlackICU "2227"]
[WhiteClub "Blanchardstown"]
[BlackClub "Knights of Eanna"]
[WhiteNationality "IRL"]
[BlackNationality "IRL"]
[WhiteFideId "2523531"]
[BlackFideId "2514249"]
[PlyCount "42"]
[ECO "B90"]
[Opening "Sicilian"]
[Variation "Najdorf, Byrne (English) attack"]
[FIDETournamentId "480233"]
[ChessResultsKey "1423859"]
[EventSection "1/4"]
[Venue "St Mary's Parish Primary School, Bryanstown, Drogheda A92 XD80"]
[EventDate "2026.05.30"]
[TimeControl "5400+30"]
[BlackFullName "O'Cuillean&aacute;in, Ois&iacute;n"]

{ Event information: <a
href="https://www.irlchess.com/drogheda2026_allfiles/pairings_drogheda2026.html">Tournament
report</a>. }

1. e4 c5 2. Nf3 d6 3. d4 cxd4 4. Nxd4 Nf6 5. Nc3 a6 6. Be3 e5 7. Nf3 Qc7 8.
Bd3 Nbd7 9. O-O Be7 10. h3 O-O 11. Qe2 b5 12. a3 Bb7 13. Rad1 Rac8 14. Rfe1
Nb6 15. Bxb6 Qxb6 16. Qd2 Bc6 17. Qg5 Nxe4 18. Qxe7 Qxf2+ 19. Kh2 Qg3+ 20.
Kg1 Nxc3 21. bxc3 Bxf3 0-1

[Event "Drogheda Congress (Thomson Masters) 2026"]
[Site "Drogheda IRL"]
[Date "2026.05.31"]
[Round "3.10"]
[White "Cummins, Sean"]
[Black "Melaugh, Shane"]
[Result "0-1"]
[BlackTitle "FM"]
[WhiteElo "1910"]
[BlackElo "2254"]
[WhiteICU "2010"]
[BlackICU "2265"]
[WhiteClub "Drogheda"]
[BlackClub "Elm Mount"]
[WhiteNationality "IRL"]
[BlackNationality "IRL"]
[WhiteFideId "2512084"]
[BlackFideId "2509580"]
[PlyCount "108"]
[ECO "B40"]
[Opening "Sicilian"]
[Variation "Anderssen variation"]
[FIDETournamentId "480233"]
[ChessResultsKey "1423859"]
[EventSection "1/4"]
[Venue "St Mary's Parish Primary School, Bryanstown, Drogheda A92 XD80"]
[EventDate "2026.05.30"]
[TimeControl "5400+30"]
[WhiteFullName "Cummins, Se&aacute;n"]

{ Event information: <a
href="https://www.irlchess.com/drogheda2026_allfiles/pairings_drogheda2026.html">Tournament
report</a>. }

1. e4 c5 2. Nf3 e6 3. d4 cxd4 4. Nxd4 Nf6 5. Nc3 Nc6 6. Ndb5 Bc5 7. Bf4 O-O
8. Bc7 Qe7 9. Bd6 Bxd6 10. Qxd6 Qd8 11. Qc7 Qxc7 12. Nxc7 Rb8 13. N7b5 d5
14. exd5 exd5 15. O-O-O Be6 16. Be2 Rfd8 17. Nd4 Rbc8 18. Rhe1 a6 19. Nxc6
Rxc6 20. Rd4 b5 21. Red1 Kf8 22. a4 bxa4 23. Rxa4 Rdd6 24. Rdd4 g5 25. Bd3
h6 26. g4 Nd7 27. f3 Ne5 28. Be2 Rc5 29. Rdb4 Kg7 30. Rb7 Rcc6 31. Rd4 Rc8
32. Kd2 a5 33. Rb5 Nc6 34. Ra4 Rdd8 35. Rb6 Bd7 36. Ra1 d4 37. Ne4 Rb8 38.
Rxb8 Rxb8 39. b3 Be6 40. Nd6 Bd5 41. Nc4 Kf6 42. Rf1 Ke7 43. f4 gxf4 44.
Rxf4 a4 45. Rf5 Ke6 46. Bf3 Bxc4 47. Bxc6 axb3 48. cxb3 Rxb3 49. Rh5 Rb2+
50. Kc1 Rf2 51. Rxh6+ Ke5 52. Rh5+ Kd6 53. Be4 d3 54. Rf5 d2+ 0-1

[Event "Drogheda Congress (Thomson Masters) 2026"]
[Site "Drogheda IRL"]
[Date "2026.05.31"]
[Round "4.1"]
[White "Kanyamarala, Tarun"]
[Black "Kanyamarala, Trisha"]
[Result "1-0"]
[WhiteTitle "IM"]
[BlackTitle "WGM"]
[WhiteElo "2418"]
[BlackElo "2193"]
[WhiteICU "2441"]
[BlackICU "2255"]
[WhiteClub "Dublin"]
[BlackClub "Dublin"]
[WhiteNationality "IRL"]
[BlackNationality "IRL"]
[WhiteFideId "45004714"]
[BlackFideId "45004722"]
[PlyCount "51"]
[ECO "A65"]
[Opening "Benoni"]
[Variation "6.e4"]
[FIDETournamentId "480233"]
[ChessResultsKey "1423859"]
[EventSection "1/4"]
[Venue "St Mary's Parish Primary School, Bryanstown, Drogheda A92 XD80"]
[EventDate "2026.05.30"]
[TimeControl "5400+30"]

{ Event information: <a
href="https://www.irlchess.com/drogheda2026_allfiles/pairings_drogheda2026.html">Tournament
report</a>. }

1. d4 Nf6 2. c4 e6 3. Nc3 c5 4. d5 exd5 5. cxd5 d6 6. e4 g6 7. Be2 Bg7 8.
Be3 O-O 9. Nf3 Nbd7 10. Nd2 a6 11. a4 b6 12. O-O Bb7 13. h3 Re8 14. Bf4 Qc7
15. Bg3 Rad8 16. f4 Re7 17. Re1 Nf8 18. Qc2 h6 19. Nc4 N8h7 20. Bf3 Bc8 21.
Rad1 Qb8 22. Kh1 Ne8 23. Rd2 Nc7 24. e5 Ne8 25. Qd1 f6 26. Ne4 1-0